 Dungeon Crawl Stone Soup version 0.32-a0-558-g233958a4c4 (webtiles) character file.

Game seed: 1526870450398213337

260 Dirtsage the Chopper (level 6, -3/44 HPs)
             Began as a Coglin Gladiator on Feb 28, 2024.
             Slain by a gnoll bouda
             ... wielding a +0 club
              (6 damage)
             ... on level 4 of the Dungeon on Feb 29, 2024.
             The game lasted 00:04:53 (3397 turns).

Dirtsage the Chopper (Coglin Gladiator)             Turns: 3397, Time: 00:04:54

Health: -3/44      AC:  6    Str: 16    XL:     6   Next: 17%
Magic:  6/6        EV: 11    Int:  8    God:
Gold:   144        SH:  0    Dex: 15    Spells: 5/5 levels left

rFire   . . .        a - +0 war axe {Guillermo}
rCold   . . .        (no shield)
rNeg    . . .        t - +0 ring mail
rPois   .            c - +0 helmet
rElec   .            (no cloak)
rCorr   .            (no gloves)
SInv    .            (no boots)
Will    .....        (amulet unavailable)
Stlth   +            (ring unavailable)
HPRegen 0.27/turn    (ring unavailable)
MPRegen 0.10/turn    (no gizmo)

%: no passive effects
@: weakened, revved
A: off-hand wielding, slow wielding, warmup strikes, no jewelry
a: Invent Gizmo


You were on level 4 of the Dungeon.
You visited 1 branch of the dungeon, and saw 4 of its levels.

You collected 144 gold pieces.

Inventory:

Hand Weapons
 a - a +0 war axe (weapon) {Guillermo}
Missiles
 d - 3 throwing nets (quivered)
 e - a javelin
Armour
 b - a +0 leather armour
 c - a +0 helmet (worn)
 t - a +0 ring mail (worn)
Wands
 v - a wand of acid (8)
Scrolls
 j - a scroll of revelation {unknown}
 k - a scroll of immolation {unknown}
 l - 2 scrolls of poison {unknown}
 m - 2 scrolls of identify {unknown}
 p - 3 scrolls of teleportation {unknown}
 r - a scroll of enchant weapon {unknown}
 s - a scroll of fear {unknown}
Potions
 f - a potion of enlightenment {unknown}
 g - a potion of haste {unknown}
 h - 2 potions of mutation {unknown}
 i - a potion of ambrosia {unknown}
 n - a potion of heal wounds {unknown}
 o - a potion of degeneration {unknown}
 q - a potion of might {unknown}
 u - a potion of attraction {unknown}


   Skills:
 - Level 2.0 Fighting
 + Level 6.7 Axes
 - Level 1.7 Throwing
 - Level 2.6 Dodging


You had 5 spell levels left.
You didn't know any spells.
Your spell library contained the following spells:

 Spells                   Type           Power      Damage    Failure   Level
 Tukima's Dance           Hex            0%         N/A       94%         3
 Dimensional Bullseye     Hex/Tloc       0%         N/A       100%        4
 Iskenderun's Mystic Bla  Conj/Tloc      0%         2d3       100%        4


Dungeon Overview and Level Annotations

Branches:
Dungeon (4/15)
 Temple: D:4-7

Altars:
Trog

Shops:
D:3 [


Innate Abilities, Weirdness & Mutations

You can wield a second weapon in your off-hand.
It takes a long time for you to wield or remove held weapons.
Your first few attacks do less damage.
You cannot equip rings or amulets.


Message History

You hit the gnoll bouda.
The gnoll bouda is lightly wounded.
The gnoll bouda closely misses you.
The gnoll hits you from afar with a +0 spear.
You take 3 damage, and have 33/44 hp.
You hit the gnoll bouda.
The gnoll bouda is lightly wounded.
The gnoll bouda barks out a call to the hunt!
The gnoll picks up the pace!
The gnoll hits you but does no damage.
You hit the gnoll bouda but do no damage.
The gnoll bouda is lightly wounded.
Your attacks no longer feel as feeble.
The gnoll bouda hits you but does no damage.
The gnoll hits you from afar with a +0 spear.
You take 4 damage, and have 30/44 hp.
You hit the gnoll bouda but do no damage.
The gnoll bouda is lightly wounded.
The gnoll bouda hits you with a +0 club!
The gnoll hits you from afar with a +0 spear.
The gnoll bouda gazes fiercely through you!
You feel your attacks grow feeble.
The gnoll bouda hits you with a +0 club!
* * * LOW HITPOINT WARNING * * *
You take 17 damage, and have 13/44 hp.
MASSIVE DAMAGE!!
You hit the gnoll bouda.
The gnoll bouda is moderately wounded.
The gnoll hits you from afar with a +0 spear.
* * * LOW HITPOINT WARNING * * *
The gnoll bouda hits you with a +0 club!
* * * LOW HITPOINT WARNING * * *
The gnoll barely misses you.
You take 10 damage, and have 3/44 hp.
MASSIVE DAMAGE!!
You hit the gnoll bouda but do no damage.
The gnoll bouda is moderately wounded.
The gnoll bouda closely misses you. The gnoll barely misses you.
You hit the gnoll bouda.
The gnoll bouda is severely wounded.
The gnoll bouda hits you with a +0 club.
You die...

#... #.
#.#.. #.
#.. #.
#.. .##
###.# ..#
#.... #g#
#.... #g#
.#...#
##@##
......
##...##
#.##.
##.....##
#.##.
#.......#
#....
#.......#
#######.
#.......#
#.......
##.....##
#.######
##...##
####.####
# #.#####
#.......#
#


You could see a gnoll bouda and a gnoll (swift).

Vanquished Creatures
  A black bear (D:4)
  2 bombardier beetles
  2 gnolls (D:4)
  An adder (D:3)
  2 ribbon worms
  2 dart slugs
  8 endoplasms
  A giant cockroach (D:1)
  9 goblins
  8 hobgoblins
  5 jackals
  8 kobolds
  A quokka (D:4)
  5 ball pythons
  A bat (D:2)
  2 frilled lizards (D:2)
  8 rats
66 creatures vanquished.

Notes
Turn   | Place    | Note
-------+----------+-------------------------------------------
     0 | D:1      | Dirtsage the Coglin Gladiator began the quest for the Orb.
     0 | D:1      | Reached XP level 1. HP: 16/16 MP: 1/1
   204 | D:1      | Reached XP level 2. HP: 22/22 MP: 2/2
   702 | D:1      | Found a faded altar of an unknown god.
  1088 | D:2      | Reached skill level 4 in Axes
  1145 | D:2      | Reached XP level 3. HP: 27/27 MP: 3/3
  1917 | D:3      | Found a bloodstained altar of Trog.
  1921 | D:3      | Reached XP level 4. HP: 31/33 MP: 4/4
  2043 | D:3      | Found Paocwesu's Antique Armour Shoppe.
  2063 | D:3      | Upgraded the game from 0.32-a0-519-g08f29ac1c3 to
                  | 0.32-a0-558-g233958a4c4
  2587 | D:3      | Reached skill level 5 in Axes
  2827 | D:4      | Reached XP level 5. HP: 36/38 MP: 5/5
  3050 | D:4      | Noticed a black bear
  3059 | D:4      | Killed a black bear
  3060 | D:4      | Reached skill level 6 in Axes
  3060 | D:4      | Reached XP level 6. HP: 12/44 MP: 6/6
  3397 | D:4      | Slain by a gnoll bouda

Illustrated notes

Levels and vault maps discovered:
D:1:      heliophobic_arrival_enchanted_forest, layout_basic,
          serial_corexii_hall, corexii_hall_statues_t, corexii_hall_statues_x,
          chequers_ecumenical_altar_grove, reono_crystal_passage
D:2:      layout_loops_corners
D:3:      layout_loops_ring, mainiacjoe_overflow_tiny_flanked, serial_rivers,
          chequers_serial_rivers_marsh, chequers_serial_rivers_large_a,
          chequers_serial_rivers_room_a, chequers_serial_rivers_micro_e,
          serial_shops, nicolae_shop_dealshenge
D:4:      layout_loops_cross, temple_green

Skill      XL: |  1  2  3  4  5 |
---------------+----------------+-----
Axes           | 4 5 6 |  6.7
Fighting       | |  2.0
Throwing       | |  1.7
Dodging        | |  2.6

Action                     |  1- 3 |  4- 6 || total
---------------------------+-------+-------++-------
  Melee: War axe           |    97 |    86 ||   183
  Evoke: Wand              |       |     2 ||     2
   Stab: Sleeping          |     1 |       ||     1
 Armour: Leather armour    |    51 |    16 ||    67
         Ring mail         |       |    64 ||    64
  Dodge: Dodged            |    65 |    66 ||   131
         Repelled          |     1 |     1 ||     2

Table legend: (Time is in decaauts)
 A = Elapsed time spent in this place.
 B = Non-inter-level travel time spent in this place.
 C = Inter-level travel time spent in this place.
 D = Time resting spent in this place.
 E = Time spent auto-exploring this place.
 F = Levels seen in this place.
 G = Mean time per level.
                   A        B        C        D        E       F      G
               +--------+--------+--------+--------+--------+-----+--------+
         Total |   3463 |   3230 |    233 |      0 |   2780 |   4 |  865.8 |
       Dungeon |   3463 |   3230 |    233 |      0 |   2780 |   4 |  865.8 |
               +--------+--------+--------+--------+--------+-----+--------+

Top non-repeatable levels by time:
     D:2: 1002 daAuts
     D:3: 965 daAuts
     D:1: 905 daAuts
     D:4: 590 daAuts
